 Dungeon Crawl Stone Soup version 0.27-a0-200-g8ba017916c (webtiles) character file.

Game seed: 17309081714183076240

1070 shakesphere1979 the Sneak (level 8, 0/69 HPs)
             Began as a Naga Ice Elementalist on Jan 29, 2021.
             Killed by divine providence
             ... invoked by an orc priest
              (13 damage)
             ... on level 5 of the Dungeon.
             The game lasted 00:19:44 (9516 turns).

shakesphere1979 the Sneak (Naga Ice Elementalist)   Turns: 9516, Time: 00:19:48

Health: 0/69       AC:  4    Str: 11    XL:     8   Next: 28%
Magic:  14/14      EV: 10    Int: 18    God:
Gold:   343        SH:  0    Dex: 11    Spells: 8/15 levels left

rFire    + . .     SeeInvis +   H - +6 flail (vorpal)
rCold    . . .     Faith    .   (no shield)
rNeg     + . .     Spirit   .   a - +0 robe
rPois    +         Reflect  .   I - +0 helmet
rElec    .         Harm     .   (no cloak)
rCorr    .         Rampage  .   (no gloves)
Will     +....                  (no barding)
Stlth    +++.......             (no amulet)
HPRegen  0.21/turn              l - ring of positive energy
MPRegen  0.14/turn              n - ring of protection from fire

@: very slow
A: large, see invisible, deformed body, poison resistance, slowness 2, spit
poison 1, AC +2
a: Spit Poison


You were on level 5 of the Dungeon.
You visited 1 branch of the dungeon, and saw 5 of its levels.
You also visited: Sewer and Ossuary.

You collected 343 gold pieces.

Inventory:

Hand Weapons
 r - a +0 shortbow
 H - a +6 vorpal flail (weapon)
Missiles
 b - a throwing net
 k - 72 arrows
 o - 25 poisoned darts
 p - 37 bolts
 u - 56 sling bullets
 v - 157 stones
 y - 5 atropa-tipped darts
Armour
 a - a +0 robe (worn)
 I - a +0 helmet (worn)
Jewellery
 l - a ring of positive energy (left hand)
 n - a ring of protection from fire (right hand)
Wands
 s - a wand of flame (28)
Scrolls
 d - a scroll of fog
 e - a scroll of teleportation {unknown}
 f - a scroll of enchant armour {unknown}
 g - a scroll of blinking
 h - 6 scrolls of identify
 i - a scroll of fear {unknown}
 j - 2 scrolls of remove curse
 m - 5 scrolls of enchant weapon
 x - a scroll of immolation {unknown}
 z - a scroll of random uselessness {unknown}
 D - 4 scrolls of amnesia
 E - a scroll of holy word {unknown}
Potions
 c - a potion of might
 q - a potion of berserk rage {unknown}
 t - 3 potions of heal wounds
 w - 5 potions of curing
 A - 2 potions of attraction {unknown}
 B - 2 potions of flight {unknown}
 C - a potion of mutation {unknown}
 F - 3 potions of ambrosia
 G - 2 potions of brilliance


   Skills:
 + Level 3.4 Fighting
 - Level 1.5 Dodging
 + Level 7.6 Stealth
 + Level 4.3 Spellcasting
 + Level 7.2 Ice Magic


You had 8 spell levels left.
You knew the following spells:

 Your Spells              Type           Power        Failure   Level
a - Freeze                Ice            100%         1%          1
b - Frozen Ramparts       Ice            60%          2%          3
c - Ozocubu's Armour      Ice            30%          2%          3

Your spell library contained the following spells:

 Spells                   Type           Power        Failure   Level
 Beastly Appendage        Tmut           6%           14%         1
 Magic Dart               Conj           12%          14%         1
 Blink                    Tloc           N/A          22%         2
 Call Imp                 Summ           3%           22%         2
 Slow                     Hex            3%           22%         2
 Wereblood                Tmut           3%           22%         2
 Hailstorm                Conj/Ice       16%          32%         4
 Ice Form                 Ice/Tmut       16%          32%         4
 Summon Ice Beast         Ice/Summ       16%          32%         4
 Conjure Flame            Conj/Fire      3%           38%         3
 Mephitic Cloud           Conj/Pois/Air  3%           38%         3
 Spider Form              Tmut/Pois      1%           38%         3
 Blade Hands              Tmut           1%           98%         5


Dungeon Overview and Level Annotations

Branches:
Dungeon (5/15)             Temple (0/1) D:5           Sewer (visited)
Ossuary (visited)

Altars:
Dithmenos
Makhleb
Wu Jian


Innate Abilities, Weirdness & Mutations

You cannot wear boots.
Your serpentine skin is tough. (AC +2)
You have supernaturally acute eyesight. (SInv)
Armour fits poorly on your strangely shaped body.
Your system is resistant to poisons. (rPois)
You cover ground very slowly.
You can spit poison.


Message History

The orc hits you with a +0 whip. The bullfrog barely misses you.
The bullfrog hits you but does no damage. x2
The orc hits you but does no damage.
The orc priest mumbles some strange prayers to Beogh against you.
Beogh smites you! The bullfrog misses you. The bullfrog barely misses you.
The centaur shoots an arrow.
The arrow completely misses you. The bullfrog hits you! The bullfrog hits you.
The centaur shoots an arrow.
The arrow hits you.
* * * LOW HITPOINT WARNING * * *
The bullfrog hits you but does no damage.
The orc barely misses you.
The orc wizard points at itself and mumbles some strange words.
The orc wizard flickers and vanishes for a moment.
The bullfrog misses you.
The centaur unwields a +0 shortbow.
The centaur hits you.
* * * LOW HITPOINT WARNING * * *
The orc priest mumbles some strange prayers to Beogh against you.
Beogh smites you!
You die...

..## ###......# #.####.... #..##
##.......## #.# #####
.#..#####........# #.#
..#..##..........# #.####
..##.............# #....####
..##.............# ### ####....##
..##............####.#######.....
..##...........c#....#.#∩###.....
..##..........oF@.####.._..#....#
..##..........o#### #....##....#
..##...........# ##...#.....#
####.>........## #....^...##
#.........## #.......#.>
#.....o...# #.......##.
#......#.## ####....###
#...=...#.# #...## #......#.##
#...#


You could see a bullfrog, a centaur, an orc priest, an orc wizard and an orc.

Vanquished Creatures
  Edmund (D:4)
  A water moccasin (Sewer)
  Duvessa (D:5)
  An ogre (D:5)
  A centaur (D:5)
  Dowan (D:5)
  A scorpion (D:5)
  2 hounds
  Jessica (D:2)
  An orc wizard (D:5)
  3 worker ants
  A big kobold zombie (Ossuary)
  A hound skeleton (D:4)
  3 mummies (Ossuary)
  4 gnolls
  A worker ant zombie (D:5)
  7 adders
  2 oozes
  3 adder zombies (Ossuary)
  A worm (D:5)
  3 dart slugs
  5 leopard geckos
  3 orcs (D:5)
  4 giant cockroaches
  5 goblins
  10 hobgoblins
  6 jackals
  12 kobolds
  4 quokkas
  A ball python (D:1)
  A bat (D:2)
  5 frilled lizards
  A gnoll zombie (Ossuary)
  A goblin zombie (Ossuary)
  4 hobgoblin zombies (Ossuary)
  A jackal zombie (D:4)
  A kobold zombie (Ossuary)
  3 quokka zombies (Ossuary)
  7 rats
  4 rat zombies (Ossuary)
118 creatures vanquished.

Notes
Turn   | Place    | Note
-------+----------+-------------------------------------------
     0 | D:1      | shakesphere1979 the Naga Ice Elementalist began the quest
                  | for the Orb.
     0 | D:1      | Reached XP level 1. HP: 15/15 MP: 3/3
   320 | D:1      | Reached XP level 2. HP: 24/24 MP: 5/5
   502 | D:1      | HP: 1/24 [dart slug/slug dart (7)]
   813 | D:1      | Reached skill level 1 in Fighting
   877 | D:1      | Reached XP level 3. HP: 17/31 MP: 3/6
  1851 | D:2      | Reached XP level 4. HP: 18/38 MP: 4/7
  1859 | D:2      | HP: 1/57 [gnoll/+0 flail (5)]
  2253 | D:2      | Noticed Jessica
  2268 | D:2      | Killed Jessica
  2370 | D:2      | Reached XP level 5. HP: 36/45 MP: 9/9
  3025 | D:2      | Found an ornate altar of the Wu Jian Council.
  3241 | D:2      | Learned a level 3 spell: Frozen Ramparts
  3317 | D:2      | Reached skill level 5 in Stealth
  3918 | D:3      | Found a glowing drain.
  4066 | Sewer    | Entered a sewer
  4276 | Sewer    | Noticed a water moccasin
  4288 | Sewer    | Killed a water moccasin
  4289 | Sewer    | Reached skill level 5 in Ice Magic
  4289 | Sewer    | Reached XP level 6. HP: 15/55 MP: 5/11
  4722 | D:3      | Found a shadowy altar of Dithmenos.
  4885 | D:4      | Found a sand-covered staircase.
  4924 | Ossuary  | Entered an ossuary
  5735 | D:4      | Learned a level 3 spell: Ozocubu's Armour
  5764 | D:4      | Reached XP level 7. HP: 35/62 MP: 9/12
  6345 | D:4      | Noticed Edmund
  6357 | D:4      | Killed Edmund
  6689 | D:5      | Entered Level 5 of the Dungeon
  6910 | D:5      | Found a burning altar of Makhleb.
  7670 | D:5      | Noticed Dowan
  8194 | D:5      | Noticed Duvessa
  8402 | D:5      | Killed Dowan
  8403 | D:5      | Reached XP level 8. HP: 47/69 MP: 10/14
  8404 | D:5      | Killed Duvessa
  9227 | D:5      | Found a staircase to the Ecumenical Temple.
  9516 | D:5      | Killed from afar by an orc priest

Illustrated notes

Levels and vault maps discovered:
D:1:      wander_arrival_desolate, layout_rooms, minmay_misc_feat_four_crosses,
          st_stairs_14, minmay_cut_off
D:2:      kennysheep_big_flooded_room, layout_rooms,
          pdpol_wu_jian_five_deadly_venoms, uniq_jessica
D:3:      layout_loops_ring, portal_sewer_entry_a,
          grunt_dithmenos_smoke_and_mirrors
D:4:      layout_rooms, enter_ossuary_3, uniq_edmund
D:5:      layout_cave_pods, temple_doors_e, makhleb_heckhound_becter,
          uniq_duvessa

Skill      XL: |  1  2  3  4  5  6  7 |
---------------+----------------------+-----
Fighting       | 1 2 3 |  3.4
Stealth        | 4 5 6 7 |  7.6
Spellcasting   | 3 4 |  4.3
Ice Magic      | 5 7 |  7.2
Dodging        | |  1.5

Action                   |  1- 3 |  4- 6 |  7- 9 || total
-------------------------+-------+-------+-------++-------
Melee: Dagger            |     4 |       |       ||     4
       Spear             |    41 |    99 |       ||   140
       War axe           |       |    39 |       ||    39
       Battleaxe         |       |    89 |    36 ||   125
       Flail             |       |       |    50 ||    50
 Cast: Freeze            |    24 |    35 |     7 ||    66
       Frozen Ramparts   |       |     5 |     2 ||     7
  Use: Potion            |       |     4 |       ||     4
       Scroll            |       |       |    10 ||    10
 Stab: Sleeping          |     5 |    12 |     7 ||    24
       Distracted        |     1 |       |       ||     1
Armor: Robe              |    10 |    68 |    25 ||   103
       Skin              |       |     7 |       ||     7
Dodge: Dodged            |    32 |   183 |    64 ||   279

Table legend: (Time is in decaauts)
 A = Elapsed time spent in this place.
 B = Non-inter-level travel time spent in this place.
 C = Inter-level travel time spent in this place.
 D = Time resting spent in this place.
 E = Time spent auto-exploring this place.
 F = Levels seen in this place.
 G = Mean time per level.
                   A        B        C        D        E       F      G
               +--------+--------+--------+--------+--------+-----+--------+
         Total |  11041 |  10875 |    166 |   4210 |   4136 |   7 | 1577.3 |
       Dungeon |   9696 |   9530 |    166 |   3436 |   3981 |   5 | 1939.2 |
         Sewer |    505 |    505 |      0 |    292 |    140 |   1 |  505.0 |
       Ossuary |    840 |    840 |      0 |    482 |     13 |   1 |  840.0 |
               +--------+--------+--------+--------+--------+-----+--------+

Top non-repeatable levels by time:
     D:5: 3179 daAuts
     D:2: 2375 daAuts
     D:1: 1837 daAuts
     D:4: 1307 daAuts
     D:3: 996 daAuts
 Ossuary: 840 daAuts
   Sewer: 505 daAuts
